AoeStats
← LedgenP

Arena

507865034Analyzed
3v3 RM · 11d ago on Sep 20, 2026· 54m 14s· 6 players
Game mode
Random Map
Map size
Normal (6 player)
Population
200
Speed
Normal
Resources
Standard
Victory
Conquest
Starting age
Dark Age
Ending age
Imperial Age
RankedLock teamsTeams togetherTeam positionsShared explorationLock speedFull tech treeHidden civsTurbo modeCheats
Victory
Defeat
🇦🇷 Byzantines · Argentina
957
+14
🇪🇨 Khmer · Ecuador
912
+16
🇨🇱 Huns · Chile
909
+16
🇺🇸 Portuguese · United States
947
-17
🇨🇳 Hindustanis · China
928
-16
🇺🇸 Persians · United States
853
-13
Necropulpectomía
10:56 Feudal Age
12:39 Wheelbarrow
15:13 Castle Age
13:05 Double-Bit Axe
13:08 Horse Collar
16:30 Bow Saw
19:25 Heavy Plow
19:42 Loom
23:20 Gold Mining
24:21 Hand Cart
30:29 Imperial Age
29:31 Gold Shaft Mining
28:54 Stone Mining
30:23 Scale Barding Armor
30:29 Forging
31:32 Chain Barding Armor
32:20 Conscription
31:24 Elite Tarkan
32:41 Iron Casting
33:34 Marauders
34:12 Plate Barding Armor
33:57 Bloodlines
33:47 Husbandry
35:11 Blast Furnace
35:14 Fletching
37:53 Cavalier
39:20 Paladin
43:46 Caravan
45:28 Light Cavalry
46:50 Bodkin Arrow
48:18 Hussar
50:55 Bracer
54:10 Paladin
Ramb-0401
7:03 Loom
9:44 Feudal Age
13:20 Castle Age
11:25 Double-Bit Axe
12:00 Horse Collar
22:49 Bloodlines
22:38 Crossbowman
23:46 Forging
32:23 Imperial Age
29:42 Town Watch
30:13 Heavy Plow
31:35 Scale Barding Armor
31:43 Gold Mining
31:21 Elite Skirmisher
33:10 Wheelbarrow
33:53 Iron Casting
34:38 Double Crossbow
34:08 Cavalier
35:14 Conscription
35:06 Fletching
38:25 Arbalester
39:43 Bodkin Arrow
41:07 Hand Cart
44:33 Chain Barding Armor
44:10 Elite Battle Elephant
47:19 Caravan
49:05 Blast Furnace
48:57 Husbandry
51:56 Heavy Scorpion
crepysa
6:54 Loom
9:41 Feudal Age
10:20 Double-Bit Axe
10:27 Horse Collar
16:23 Castle Age
16:16 Stone Mining
17:16 Wheelbarrow
17:27 Bow Saw
21:42 Hand Cart
22:28 Fletching
22:49 Forging
22:58 Heavy Plow
29:04 Iron Casting
31:28 Imperial Age
30:24 Bodkin Arrow
30:30 Padded Archer Armor
30:32 Scale Mail Armor
30:31 Murder Holes
30:19 Treadmill Crane
32:05 Chain Mail Armor
32:08 Leather Archer Armor
32:15 Ballistics
31:54 Gold Mining
32:40 Stone Shaft Mining
32:44 Conscription
33:29 Chemistry
32:32 Bracer
31:54 Capped Ram
31:57 Pikeman
32:38 Squires
32:27 Gambesons
32:28 Arson
32:45 Halberdier
33:51 Siege Ram
35:20 Ring Archer Armor
34:31 Elite Skirmisher
36:42 Onager
38:41 Plate Mail Armor
51:46 Guard Tower
51:42 Arrowslits
53:25 Keep
LedgenP
10:26 Feudal Age
14:44 Castle Age
13:27 Double-Bit Axe
21:21 Wheelbarrow
26:27 Bloodlines
25:37 Light Cavalry
27:02 Gold Mining
28:15 Bow Saw
28:31 Husbandry
28:42 Scale Barding Armor
28:39 Scale Mail Armor
28:49 Forging
28:41 Padded Archer Armor
28:31 Fletching
29:48 Horse Collar
30:53 Chain Barding Armor
30:50 Chain Mail Armor
30:58 Chain Mail Armor
31:18 Iron Casting
34:05 Imperial Age
32:04 Hand Cart
34:11 Ballistics
35:46 Chemistry
36:41 Two-Man Saw
35:36 Stone Mining
38:28 Plate Barding Armor
38:23 Plate Mail Armor
40:56 Pikeman
kz
12:39 Feudal Age
14:10 Double-Bit Axe
14:09 Horse Collar
17:03 Arson
16:39 Man-at-Arms
21:14 Castle Age
20:14 Forging
20:10 Scale Barding Armor
21:11 Pikeman
21:52 Squires
22:43 Gold Mining
22:46 Stone Mining
23:40 Husbandry
23:51 Bloodlines
29:52 Heavy Plow
32:27 Stone Mining
32:29 Gold Mining
33:55 Stone Shaft Mining
33:57 Gold Shaft Mining
33:25 Scale Mail Armor
39:00 Imperial Age
37:35 Wheelbarrow
36:46 Town Watch
38:01 Iron Casting
41:21 Imperial Age
39:11 Hand Cart
40:45 Chain Barding Armor
42:26 Halberdier
43:24 Chain Mail Armor
44:10 Blast Furnace
43:46 Plate Barding Armor
44:58 Town Patrol
46:47 Elite War Elephant
47:59 Citadels
48:53 Hoardings
48:00 Long Swordsman
50:25 Plate Mail Armor
51:49 Bow Saw
小熊熊
10:10 Feudal Age
11:23 Loom
14:17 Castle Age
12:23 Horse Collar
14:21 Double-Bit Axe
18:29 Wheelbarrow
17:41 Loom
17:41 Town Watch
23:01 Hand Cart
22:47 Town Patrol
24:53 Husbandry
25:03 Bloodlines
29:16 Imperial Age
28:22 Forging
28:17 Scale Barding Armor
29:07 Heavy Plow
29:45 Iron Casting
30:35 Bow Saw
31:07 Grand Trunk Road
32:22 Blast Furnace
31:42 Chain Barding Armor
33:17 Chemistry
32:37 Ballistics
31:41 Heavy Camel Rider
32:27 Shatagni
33:35 Herbal Medicine
33:06 Imperial Camel Rider
34:25 Plate Barding Armor
33:51 Padded Archer Armor
34:12 Gold Mining
36:28 Conscription
38:18 Fortified Wall
40:20 Leather Archer Armor
Connection lost

Rejoining the realm…

Still unreachable

The connection could not be restored.

Session expired

The server has moved on; the page needs a fresh start.